AoeStats
← TOSMA

Migration

507723560Analyzed
1v1 RM · 13d ago on Sep 19, 2026· 64m 41s· 2 players
Game mode
Random Map
Map size
132×132
Population
200
Speed
Normal
Resources
Standard
Victory
Conquest
Starting age
Dark Age
Ending age
Imperial Age
RankedLock teamsTeams togetherTeam positionsShared explorationLock speedFull tech treeHidden civsTurbo modeCheats
Victory
Defeat
🇦🇺 Spanish · Australia
384
+14
🇫🇷 Vikings · France
339
-14
TOSMA
14:07 Feudal Age
14:59 Horse Collar
15:27 Double-Bit Axe
22:04 Castle Age
28:43 Forging
28:23 Fletching
29:14 Gold Mining
29:15 Stone Mining
29:43 Bow Saw
29:57 Heavy Plow
32:46 Ballistics
32:37 Masonry
32:23 Murder Holes
35:28 Chieftains
38:17 Medium Warships
38:13 Padded Archer Armor
38:10 Bodkin Arrow
40:47 Iron Casting
40:28 Leather Archer Armor
40:15 Scale Mail Armor
40:02 Treadmill Crane
40:14 Guard Tower
40:37 Fortified Wall
46:10 Heated Shot
47:41 Gold Shaft Mining
53:17 Imperial Age
56:49 Heavy Warships
55:49 Elite Longship
64:44 Chemistry
sixteenthgore
13:05 Loom
14:51 Feudal Age
17:25 Wheelbarrow
20:37 Fletching
22:49 Castle Age
31:25 Thumb Ring
31:49 Bodkin Arrow
33:47 Ballistics
37:16 Imperial Age
39:24 Chemistry
38:32 Bracer
43:52 Elite Conquistador
48:12 Elite Cannon Galleon
58:19 Conscription
Connection lost

Rejoining the realm…

Still unreachable

The connection could not be restored.

Session expired

The server has moved on; the page needs a fresh start.